Coyotes vs Blackhawks

Created - November 22, 2017 at 23:25

Goals
1 2 3 T
Coyotes 1 0 1 2
Blackhawks 0 4 2 6
Shots
1 2 3 T
Coyotes 10 4 14 28
Blackhawks 8 14 11 33

1st period

1. Coyotes , Brad Richards 10 (Michael Del Zotto 6, Chris Stewart 3) at 19:55

Penalties :
Josh Gorges (Ari) for Hooking (Minor) at 10:27

2nd period

2. Blackhawks , Peter Regin 5 (Patrick Kane 8, Dave Tanabe 4) at 4:27
3. Blackhawks , Antoine Roussel 5 (Ryan Johansen 6) at 4:47
4. Blackhawks , Jaden Schwartz 3 (Peter Regin 10, Patrick Kane 9) at 7:25
5. Blackhawks , Tyler Kennedy 5 (Zac Rinaldo 1, Kyle Brodziak 2) at 18:56

Penalties :
Mark Bell (Ari) for Holding (Minor) at 8:37, Kristopher Letang (Ari) for Holding (Minor) at 16:21

3rd period

6. Coyotes , Zach Parise 10 (Kristopher Letang 9) at 0:12
7. Blackhawks , Peter Regin 6 (Patrick Kane 10, Dave Tanabe 5) at 14:04
8. Blackhawks , Patrick Kane 9 (Peter Regin 11) at 15:31

Penalties :
Jarome Iginla (Chi) for Roughing (Minor) at 9:07

Goalie Stats

Ryan Miller (Ari), 27 saves from 33 shots - (0.818), L, 5-8-1, 60:00 minutes
Jimmy Howard (Chi), 26 saves from 28 shots - (0.929), W, 4-8-4, 60:00 minutes

Players Stats for Coyotes

Player Name              G  A  P  +/- PIM S  H  SB GA TA FO     MP     PP MP  PK MP  
------------------------------------------------------------------------------------
Anton Stralman           0  0  0  -3  0   1  0  1  0  0  0/0    24:47   1:17   2:34 
Brad Richards            1  0  1  -2  0   5  3  1  0  0  6/11   17:55   0:54   2:03 
Brooks Laich             0  0  0   0  0   0  0  0  0  0  1/2     7:58   0:00   0:00 
Chris Neil               0  0  0   0  0   1  1  0  0  0  0/0     7:52   0:00   0:00 
Chris Stewart            0  1  1  -2  0   0  2  0  1  0  1/3    15:49   0:54   0:00 
Enver Lisin              0  0  0  -1  0   1  0  0  0  0  0/0    11:06   0:00   0:00 
Eric Brewer              0  0  0   0  0   1  2  1  0  4  0/0    21:21   0:42   2:39 
Greg Zanon               0  0  0   0  0   0  1  0  0  0  0/0    15:22   0:00   3:18 
Josh Gorges              0  0  0   0  2   0  0  0  0  2  0/0    20:29   0:00   2:04 
Kristopher Letang        0  1  1  -4  2   1  0  0  0  0  0/0    24:25   1:17   1:08 
Marian Gaborik           0  0  0  -1  0   2  2  2  1  0  0/1    18:33   1:05   0:00 
Mark Bell                0  0  0  -1  2   2  2  0  0  0  1/2    13:48   0:00   1:57 
Martin Samuelsson        0  0  0   0  0   0  1  0  0  0  0/0    10:26   0:00   2:34 
Maxim Talbot             0  0  0  -1  0   0  1  0  0  0  3/7    14:06   0:00   3:00 
Michael Del Zotto        0  1  1  -1  0   1  1  0  0  0  0/0    13:43   0:42   0:11 
Nazem Kadri              0  0  0  -1  0   2  1  0  0  0  13/24  19:08   1:05   0:01 
Tyler Ennis              0  0  0  -2  0   6  2  2  1  0  0/0    16:01   0:54   0:12 
Zach Parise              1  0  1  -1  0   5  2  1  0  1  4/5    21:11   1:05   2:07 

Players Stats for Blackhawks

Player Name              G  A  P  +/- PIM S  H  SB GA TA FO     MP     PP MP  PK MP  
------------------------------------------------------------------------------------
Antoine Roussel          1  0  1   0  0   5  1  1  2  0  1/1    19:35   3:04   0:00 
Chad Larose              0  0  0   1  0   0  0  1  0  0  1/2    12:21   0:08   1:05 
Dalton Prout             0  0  0  -1  0   1  3  1  0  0  0/0    13:00   0:00   0:00 
Dave Tanabe              0  2  2   4  0   1  1  1  0  0  0/0    19:27   2:32   0:00 
Denis Grebeshkov         0  0  0   4  0   1  2  2  0  0  0/0    20:02   2:32   0:35 
Jaden Schwartz           1  0  1   1  0   5  1  0  0  0  0/0    11:17   0:00   0:27 
Jarome Iginla            0  0  0   0  2   3  3  1  2  0  0/0    19:23   2:45   0:00 
Joni Pitkanen            0  0  0  -1  0   1  1  1  0  0  0/0    16:35   3:25   0:35 
Kyle Brodziak            0  1  1   1  0   1  0  0  0  0  3/5    10:49   0:00   0:00 
Ladislav Smid            0  0  0   1  0   1  2  1  0  1  0/0    23:58   0:00   1:24 
Mike Green               0  0  0   1  0   0  1  2  0  0  0/0    26:58   3:25   1:24 
Patrick Kane             1  3  4   2  0   6  0  2  0  2  1/1    18:59   3:11   0:00 
Peter Regin              2  2  4   2  0   5  2  0  1  0  12/25  19:57   3:04   1:05 
Ryan Johansen            0  1  1   0  0   0  2  1  2  0  7/16   19:53   2:45   0:30 
Taylor Pyatt             0  0  0   1  0   0  0  0  0  0  0/0     9:14   0:08   0:18 
Tomas Fleischmann        0  0  0   2  0   1  2  0  0  0  0/1    18:40   2:45   0:00 
Tyler Kennedy            1  0  1   1  0   2  1  0  0  0  0/0     9:23   0:01   0:33 
Zac Rinaldo              0  1  1   1  0   0  0  0  0  0  1/4     8:29   0:00   0:00 

3 Stars

1 - Peter Regin (Chi)
2 - Patrick Kane (Chi)
3 - Dave Tanabe (Chi)

Power Play

Coyotes - 0 on 1 Attempt(s) - 0.00%
Blackhawks - 0 on 3 Attempt(s) - 0.00%

Penalty Kill

Coyotes - 3 on 3 Attempt(s) - 100.00% - Score 0 goal in Penalty Kill
Blackhawks - 1 on 1 Attempt(s) - 100.00% - Score 0 goal in Penalty Kill

Team Stat

Coyotes - Hits : 21 - Faceoff Wins : 29 - Blocked Shots : 8 - Penalty Minutes : 6
Blackhawks - Hits : 22 - Faceoff Wins : 26 - Blocked Shots : 14 - Penalty Minutes : 2

Official

Referees : Marouelli Dan and McCauley Wes
Linesman : Ryan Galloway and Greg Devorski

Game Notes

No Game Note

Finance

Level 1 -- Attendance: 4698 (78.30%) -- Ticket Income $460,404
Level 2 -- Attendance: 3389 (67.78%) -- Ticket Income $213,507
Level 3 -- Attendance: 1516 (75.80%) -- Ticket Income $63,672
Level 4 -- Attendance: 2735 (68.38%) -- Ticket Income $84,785
Luxury Box -- Attendance: 714 (71.40%) -- Ticket Income $127,092
Game was played at the Rexall Place.
Total Attendance: 13052 (72.51%)
Total Ticket Income: $949,460
Other Income: $142,419
Total Income: $1,091,879

Coyotes

5 vs 5 Forward 
   Center                   Left Wing                Right Wing               Time % Phy DF OF 
 1 Nazem Kadri              Zach Parise              Marian Gaborik           37     0   2  3  
 2 Brad Richards            Tyler Ennis              Chris Stewart            30     0   2  3  
 3 Maxim Talbot             Mark Bell                Enver Lisin              20     0   2  3  
 4 Brooks Laich             Martin Samuelsson        Chris Neil               13     1   2  2  

5 vs 5 Defense 
   Defense                  Defense                                           Time % Phy DF OF 
 1 Kristopher Letang        Anton Stralman                                    42     1   2  2  
 2 Josh Gorges              Eric Brewer                                       34     1   3  1  
 3 Michael Del Zotto        Greg Zanon                                        24     1   3  1  
 4 Kristopher Letang        Josh Gorges                                       0      1   2  2  

PowerPlay Forward 
   Center                   Left Wing                Right Wing               Time % Phy DF OF 
 1 Nazem Kadri              Zach Parise              Marian Gaborik           60     1   0  4  
 2 Brad Richards            Tyler Ennis              Chris Stewart            40     1   0  4  

PowerPlay Defense
   Defense                  Defense                                           Time % Phy DF OF 
 1 Kristopher Letang        Anton Stralman                                    60     1   1  3  
 2 Michael Del Zotto        Eric Brewer                                       40     1   1  3  

Penalty Kill 4 Players Forward 
   Center                   Wing                     Time % Phy DF OF 
 1 Maxim Talbot             Mark Bell                60     1   3  1  
 2 Brad Richards            Martin Samuelsson        40     1   3  1  

Penalty Kill 4 Players Defense
   Defense                  Defense                  Time % Phy DF OF 
 1 Greg Zanon               Josh Gorges              60     1   4  0  
 2 Anton Stralman           Eric Brewer              40     1   4  0  

Penalty Kill - 3 Players Forward 
   Forward                                           Time % Phy DF OF 
 1 Brad Richards                                     60     1   3  1  
 2 Zach Parise                                       40     1   3  1  

Penalty Kill - 3 Players Defense
   Defense                  Defense                  Time % Phy DF OF 
 1 Greg Zanon               Anton Stralman           60     1   4  0  
 2 Josh Gorges              Eric Brewer              40     1   4  0  

4 vs 4 Forward 
   Center                   Wing                     Time % Phy DF OF 
 1 Brad Richards            Zach Parise              60     1   2  2  
 2 Nazem Kadri              Marian Gaborik           40     1   2  2  

4 vs 4 Defense
   Defense                  Defense                  Time % Phy DF OF 
 1 Kristopher Letang        Anton Stralman           60     1   2  2  
 2 Josh Gorges              Eric Brewer              40     1   2  2  

Last Minutes Offensive
   Center                   Left Wing                Right Wing               Defense                  Defense                  
   Brad Richards            Zach Parise              Marian Gaborik           Kristopher Letang        Anton Stralman           

Last Minutes Defensive
   Center                   Left Wing                Right Wing               Defense                  Defense                  
   Brad Richards            Zach Parise              Marian Gaborik           Greg Zanon               Anton Stralman           

Goaltenders
Starting : Ryan Miller              
Backup : Maxime Daigneault        

Extra Forwards
Normal : Mark Bell, Maxim Talbot, Brooks Laich - PP : Mark Bell, Maxim Talbot - PK : Zach Parise
Extra Defensemen
Normal : Michael Del Zotto, Greg Zanon, Anton Stralman - PP : Josh Gorges - PK : Kristopher Letang, Anton Stralman
Penalty Shots
Tyler Ennis, Marian Gaborik, Zach Parise, Brad Richards, Chris Stewart

Scratches
None

Blackhawks

5 vs 5 Forward 
   Center                   Left Wing                Right Wing               Time % Phy DF OF 
 1 Ryan Johansen            Antoine Roussel          Jarome Iginla            35     1   2  2  
 2 Peter Regin              Tomas Fleischmann        Patrick Kane             35     1   2  2  
 3 Kyle Brodziak            Jaden Schwartz           Chad Larose              20     1   2  2  
 4 Zac Rinaldo              Taylor Pyatt             Tyler Kennedy            10     1   2  2  

5 vs 5 Defense 
   Defense                  Defense                                           Time % Phy DF OF 
 1 Mike Green               Ladislav Smid                                     40     1   2  2  
 2 Denis Grebeshkov         Dave Tanabe                                       30     1   2  2  
 3 Joni Pitkanen            Dalton Prout                                      20     1   2  2  
 4 Mike Green               Ladislav Smid                                     10     1   2  2  

PowerPlay Forward 
   Center                   Left Wing                Right Wing               Time % Phy DF OF 
 1 Peter Regin              Antoine Roussel          Patrick Kane             60     1   2  2  
 2 Ryan Johansen            Tomas Fleischmann        Jarome Iginla            40     1   2  2  

PowerPlay Defense
   Defense                  Defense                                           Time % Phy DF OF 
 1 Mike Green               Joni Pitkanen                                     60     1   2  2  
 2 Denis Grebeshkov         Dave Tanabe                                       40     1   2  2  

Penalty Kill 4 Players Forward 
   Center                   Wing                     Time % Phy DF OF 
 1 Peter Regin              Chad Larose              60     1   2  2  
 2 Ryan Johansen            Taylor Pyatt             40     1   2  2  

Penalty Kill 4 Players Defense
   Defense                  Defense                  Time % Phy DF OF 
 1 Mike Green               Ladislav Smid            60     1   2  2  
 2 Denis Grebeshkov         Joni Pitkanen            40     1   2  2  

Penalty Kill - 3 Players Forward 
   Forward                                           Time % Phy DF OF 
 1 Patrick Kane                                      60     1   2  2  
 2 Jarome Iginla                                     40     1   2  2  

Penalty Kill - 3 Players Defense
   Defense                  Defense                  Time % Phy DF OF 
 1 Mike Green               Joni Pitkanen            60     1   2  2  
 2 Denis Grebeshkov         Ladislav Smid            40     1   2  2  

4 vs 4 Forward 
   Center                   Wing                     Time % Phy DF OF 
 1 Peter Regin              Antoine Roussel          60     1   2  2  
 2 Ryan Johansen            Patrick Kane             40     1   2  2  

4 vs 4 Defense
   Defense                  Defense                  Time % Phy DF OF 
 1 Mike Green               Joni Pitkanen            60     1   2  2  
 2 Denis Grebeshkov         Ladislav Smid            40     1   2  2  

Last Minutes Offensive
   Center                   Left Wing                Right Wing               Defense                  Defense                  
   Peter Regin              Antoine Roussel          Patrick Kane             Mike Green               Joni Pitkanen            

Last Minutes Defensive
   Center                   Left Wing                Right Wing               Defense                  Defense                  
   Peter Regin              Antoine Roussel          Patrick Kane             Mike Green               Joni Pitkanen            

Goaltenders
Starting : Jimmy Howard             
Backup : Al Montoya               

Extra Forwards
Normal : Chad Larose, Taylor Pyatt, Tyler Kennedy - PP : Chad Larose, Taylor Pyatt - PK : Tyler Kennedy
Extra Defensemen
Normal : Dave Tanabe, Dalton Prout, Denis Grebeshkov - PP : Dave Tanabe - PK : Dalton Prout, Denis Grebeshkov
Penalty Shots
Patrick Kane, Jarome Iginla, Antoine Roussel, Peter Regin, Tomas Fleischmann

Scratches
Derick Brassard (Suspend)

% Time on Ice - Coyotes

Lines # - Real PCT - Wanted PCT - Time Play
Normal Forward
1 - 35% - 37% - 18:03
2 - 29% - 30% - 15:03
3 - 21% - 20% - 11:06
4 - 15% - 13% - 7:52
Normal Defense
1 - 40% - 42% - 20:35
2 - 33% - 34% - 17:15
3 - 23% - 24% - 11:56
4 - 4% - 0% - 2:18
PP Forward
1 - 55% - 60% - 1:05
2 - 45% - 40% - 0:54
PP Defense
1 - 65% - 60% - 1:17
2 - 35% - 40% - 0:42
PK Forward
1 - 83% - 60% - 4:58
2 - 17% - 40% - 0:59
PK Defense
1 - 68% - 60% - 4:01
2 - 32% - 40% - 1:56
PK3 Forward
1 - 0% - 60%
2 - 0% - 40%
PK3 Defense
1 - 0% - 60%
2 - 0% - 40%
44 Forward
1 - 0% - 60%
2 - 0% - 40%
44 Defense
1 - 0% - 60%
2 - 0% - 40%
Last Minute Offensive  - 0:00
Last Minute Defensive  - 0:00
Total
Forward - 60:00
Defense - 60:00

% Time on Ice - Blackhawks

Lines # - Real PCT - Wanted PCT - Time Play
Normal Forward
1 - 32% - 35% - 16:51
2 - 31% - 35% - 15:55
3 - 21% - 20% - 10:49
4 - 16% - 10% - 8:29
Normal Defense
1 - 38% - 40% - 19:44
2 - 32% - 30% - 16:55
3 - 23% - 20% - 12:13
4 - 6% - 10% - 3:12
PP Forward
1 - 54% - 60% - 3:12
2 - 46% - 40% - 2:45
PP Defense
1 - 57% - 60% - 3:25
2 - 43% - 40% - 2:32
PK Forward
1 - 85% - 60% - 1:41
2 - 15% - 40% - 0:18
PK Defense
1 - 71% - 60% - 1:24
2 - 29% - 40% - 0:35
PK3 Forward
1 - 0% - 60%
2 - 0% - 40%
PK3 Defense
1 - 0% - 60%
2 - 0% - 40%
44 Forward
1 - 0% - 60%
2 - 0% - 40%
44 Defense
1 - 0% - 60%
2 - 0% - 40%
Last Minute Offensive  - 0:00
Last Minute Defensive  - 0:00
Total
Forward - 60:00
Defense - 60:00

Play by Play

1st period


0:01 of 1st period - Nazem Kadri wins face-off versus Ryan Johansen in neutral zone.
0:26 of 1st period - Anton Stralman is hit by Peter Regin and loses puck.
1:33 of 1st period - Greg Zanon is hit by Joni Pitkanen and loses puck.
1:52 of 1st period - Patrick Kane is hit by Chris Stewart and loses puck.
2:38 of 1st period - Icing by Zach Parise.
2:39 of 1st period - Zac Rinaldo wins face-off versus Nazem Kadri in Coyotes zone.
2:40 of 1st period - Slapshot by Taylor Pyatt.
2:40 of 1st period - Shot Blocked by Zach Parise.
3:04 of 1st period - Snap shot by Tyler Ennis.
3:04 of 1st period - Stopped by Jimmy Howard without a rebound.
3:05 of 1st period - Ryan Johansen wins face-off versus Brad Richards in Blackhawks zone.
3:05 of 1st period - Ryan Johansen is hit by Tyler Ennis.
3:22 of 1st period - Snap shot by Tyler Ennis.
3:22 of 1st period - Shot Misses the Net.
3:32 of 1st period - Eric Brewer is hit by Jarome Iginla and loses puck.
3:53 of 1st period - Wrist shot by Jarome Iginla.
3:53 of 1st period - Deflect By Brad Richards.
3:53 of 1st period - Stopped by Ryan Miller without a rebound.
3:54 of 1st period - Nazem Kadri wins face-off versus Peter Regin in Coyotes zone.
5:08 of 1st period - Wrist shot by Zach Parise.
5:08 of 1st period - Stopped by Jimmy Howard without a rebound.
5:09 of 1st period - Ryan Johansen wins face-off versus Nazem Kadri in Blackhawks zone.
5:09 of 1st period - Ryan Johansen is hit by Nazem Kadri.
5:37 of 1st period - Snap shot by Nazem Kadri.
5:37 of 1st period - Stopped by Jimmy Howard without a rebound.
5:38 of 1st period - Patrick Kane wins face-off versus Maxim Talbot in Blackhawks zone.
6:07 of 1st period - Slapshot by Brad Richards.
6:07 of 1st period - Stopped by Jimmy Howard with a rebound.
6:09 of 1st period - Wrist shot by Tyler Ennis.
6:09 of 1st period - Stopped by Jimmy Howard without a rebound.
6:10 of 1st period - Ryan Johansen wins face-off versus Brad Richards in Blackhawks zone.
6:33 of 1st period - Snap shot by Brad Richards.
6:33 of 1st period - Stopped by Jimmy Howard with a rebound.
7:02 of 1st period - Wrist shot by Jaden Schwartz.
7:02 of 1st period - Shot Misses the Net.
7:18 of 1st period - Wrist shot by Zach Parise.
7:18 of 1st period - Shot Blocked by Dave Tanabe.
8:36 of 1st period - Chad Larose is hit by Brad Richards and loses puck.
9:06 of 1st period - Wrist shot by Peter Regin.
9:06 of 1st period - Shot Misses the Net.
9:18 of 1st period - Snap shot by Nazem Kadri.
9:18 of 1st period - Stopped by Jimmy Howard with a rebound.
9:45 of 1st period - Wrist shot by Jarome Iginla.
9:45 of 1st period - Stopped by Ryan Miller without a rebound.
9:46 of 1st period - Maxim Talbot wins face-off versus Ryan Johansen in Coyotes zone.
10:18 of 1st period - Snap shot by Antoine Roussel.
10:18 of 1st period - Stopped by Ryan Miller with a rebound.
10:20 of 1st period - Slapshot by Mike Green.
10:20 of 1st period - Deflect By Antoine Roussel.
10:20 of 1st period - Stopped by Ryan Miller with a rebound.
10:22 of 1st period - Snap shot by Antoine Roussel.
10:22 of 1st period - Stopped by Ryan Miller without a rebound.
10:23 of 1st period - Peter Regin wins face-off versus Nazem Kadri in Coyotes zone.
10:27 of 1st period - Minor Penalty to Josh Gorges for Hooking.
10:28 of 1st period - Peter Regin wins face-off versus Maxim Talbot in Coyotes zone.
12:27 of 1st period - Penalty to Josh Gorges is over, Josh Gorges is back on ice.
12:33 of 1st period - Slapshot by Chad Larose.
12:33 of 1st period - Shot Blocked by Brad Richards.
12:35 of 1st period - Snap shot by Jaden Schwartz.
12:35 of 1st period - Shot Misses the Net.
13:55 of 1st period - Ladislav Smid is hit by Eric Brewer and loses puck.
14:28 of 1st period - Slapshot by Mike Green.
14:28 of 1st period - Shot Misses the Net.
15:12 of 1st period - Michael Del Zotto is hit by Dalton Prout and loses puck.
15:29 of 1st period - Dave Tanabe is hit by Michael Del Zotto and loses puck.
15:56 of 1st period - Wrist shot by Peter Regin.
15:56 of 1st period - Stopped by Ryan Miller with a rebound.
16:06 of 1st period - Jarome Iginla is hit by Chris Stewart and loses puck.
16:15 of 1st period - Tyler Ennis is hit by Dalton Prout and loses puck.
17:01 of 1st period - Dave Tanabe is hit by Tyler Ennis and loses puck.
18:02 of 1st period - Slapshot by Peter Regin.
18:02 of 1st period - Shot Misses the Net.
18:04 of 1st period - Slapshot by Ladislav Smid.
18:04 of 1st period - Stopped by Ryan Miller without a rebound.
18:05 of 1st period - Brad Richards wins face-off versus Peter Regin in Coyotes zone.
18:10 of 1st period - Snap shot by Tomas Fleischmann.
18:10 of 1st period - Shot Misses the Net.
18:12 of 1st period - Wrist shot by Peter Regin.
18:12 of 1st period - Shot Blocked by Tyler Ennis.
18:14 of 1st period - Snap shot by Peter Regin.
18:14 of 1st period - Shot Hit the Post.
18:16 of 1st period - Wrist shot by Patrick Kane.
18:16 of 1st period - Stopped by Ryan Miller without a rebound.
18:17 of 1st period - Peter Regin wins face-off versus Brad Richards in Coyotes zone.
18:43 of 1st period - Jarome Iginla is hit by Zach Parise.
18:47 of 1st period - Marian Gaborik is hit by Jarome Iginla and loses puck.
19:16 of 1st period - Snap shot by Enver Lisin.
19:16 of 1st period - Stopped by Jimmy Howard with a rebound.
19:26 of 1st period - Greg Zanon is hit by Mike Green and loses puck.
19:51 of 1st period - Snap shot by Brad Richards.
19:51 of 1st period - Shot Misses the Net.
19:53 of 1st period - Slapshot by Michael Del Zotto.
19:53 of 1st period - Shot Blocked by Jarome Iginla.
19:55 of 1st period - Snap shot by Brad Richards.
19:55 of 1st period - Goal by Brad Richards - Coyotes : 1 - Blackhawks : 0.
19:56 of 1st period - Zach Parise wins face-off versus Peter Regin in neutral zone.
19:59 of 1st period - Snap shot by Kristopher Letang.
19:59 of 1st period - Stopped by Jimmy Howard without a rebound.
Goals for this period are 1 for Coyotes vs 0 for Blackhawks.
Shots for this period are 10 for Coyotes vs 8 for Blackhawks.

2nd period


0:01 of 2nd period - Nazem Kadri wins face-off versus Peter Regin in neutral zone.
1:22 of 2nd period - Wrist shot by Patrick Kane.
1:22 of 2nd period - Shot Misses the Net.
1:24 of 2nd period - Snap shot by Patrick Kane.
1:24 of 2nd period - Shot Misses the Net.
2:46 of 2nd period - Tomas Fleischmann is hit by Marian Gaborik and loses puck.
3:01 of 2nd period - Snap shot by Jaden Schwartz.
3:01 of 2nd period - Stopped by Ryan Miller without a rebound.
3:02 of 2nd period - Brooks Laich wins face-off versus Kyle Brodziak in Coyotes zone.
3:11 of 2nd period - Wrist shot by Chris Neil.
3:11 of 2nd period - Stopped by Jimmy Howard with a rebound.
3:13 of 2nd period - Slapshot by Anton Stralman.
3:13 of 2nd period - Shot Blocked by Denis Grebeshkov.
3:15 of 2nd period - Snap shot by Martin Samuelsson.
3:15 of 2nd period - Shot Misses the Net.
3:29 of 2nd period - Martin Samuelsson is hit by Tomas Fleischmann and loses puck.
3:50 of 2nd period - Greg Zanon is hit by Jarome Iginla.
3:51 of 2nd period - Icing by Greg Zanon.
3:52 of 2nd period - Zach Parise wins face-off versus Ryan Johansen in Coyotes zone.
4:07 of 2nd period - Snap shot by Zach Parise.
4:07 of 2nd period - Shot Blocked by Mike Green.
4:09 of 2nd period - Slapshot by Michael Del Zotto.
4:09 of 2nd period - Stopped by Jimmy Howard with a rebound.
4:11 of 2nd period - Snap shot by Nazem Kadri.
4:11 of 2nd period - Shot Blocked by Antoine Roussel.
4:13 of 2nd period - Backhand shot by Zach Parise.
4:13 of 2nd period - Deflect By Nazem Kadri.
4:13 of 2nd period - Shot Blocked by Ryan Johansen.
4:13 of 2nd period - Puck is out of play.
4:14 of 2nd period - Peter Regin wins face-off versus Brad Richards in Blackhawks zone.
4:23 of 2nd period - Slapshot by Peter Regin.
4:23 of 2nd period - Shot Misses the Net.
4:25 of 2nd period - Wrist shot by Patrick Kane.
4:25 of 2nd period - Stopped by Ryan Miller with a rebound.
4:27 of 2nd period - Wrist shot by Peter Regin.
4:27 of 2nd period - Goal by Peter Regin - Coyotes : 1 - Blackhawks : 1.
4:28 of 2nd period - Peter Regin wins face-off versus Nazem Kadri in neutral zone.
4:37 of 2nd period - Slapshot by Patrick Kane.
4:37 of 2nd period - Shot Blocked by Anton Stralman.
4:39 of 2nd period - Slapshot by Ladislav Smid.
4:39 of 2nd period - Shot Misses the Net.
4:41 of 2nd period - Slapshot by Peter Regin.
4:41 of 2nd period - Shot Misses the Net.
4:45 of 2nd period - Snap shot by Tomas Fleischmann.
4:45 of 2nd period - Stopped by Ryan Miller without a rebound.
4:46 of 2nd period - Ryan Johansen wins face-off versus Chris Stewart in Coyotes zone.
4:47 of 2nd period - Slapshot by Antoine Roussel.
4:47 of 2nd period - Goal by Antoine Roussel - Coyotes : 1 - Blackhawks : 2.
4:48 of 2nd period - Nazem Kadri wins face-off versus Peter Regin in neutral zone.
5:43 of 2nd period - Dave Tanabe is hit by Maxim Talbot and loses puck.
5:58 of 2nd period - Wrist shot by Taylor Pyatt.
5:58 of 2nd period - Shot Blocked by Eric Brewer.
6:05 of 2nd period - Off-side.
6:06 of 2nd period - Nazem Kadri wins face-off versus Peter Regin in neutral zone.
6:11 of 2nd period - Wrist shot by Patrick Kane.
6:11 of 2nd period - Shot Misses the Net.
6:17 of 2nd period - Snap shot by Peter Regin.
6:17 of 2nd period - Stopped by Ryan Miller with a rebound.
6:19 of 2nd period - Slapshot by Dalton Prout.
6:19 of 2nd period - Stopped by Ryan Miller without a rebound.
6:20 of 2nd period - Antoine Roussel wins face-off versus Nazem Kadri in Coyotes zone.
7:25 of 2nd period - Snap shot by Jaden Schwartz.
7:25 of 2nd period - Goal by Jaden Schwartz - Coyotes : 1 - Blackhawks : 3.
7:26 of 2nd period - Nazem Kadri wins face-off versus Peter Regin in neutral zone.
7:28 of 2nd period - Off-side.
7:29 of 2nd period - Peter Regin wins face-off versus Nazem Kadri in neutral zone.
7:45 of 2nd period - Slapshot by Dave Tanabe.
7:45 of 2nd period - Deflect By Tomas Fleischmann.
7:45 of 2nd period - Shot Misses the Net.
7:45 of 2nd period - Puck is out of play.
7:46 of 2nd period - Brad Richards wins face-off versus Ryan Johansen in Coyotes zone.
7:46 of 2nd period - Brad Richards is hit by Antoine Roussel.
8:37 of 2nd period - Minor Penalty to Mark Bell for Holding.
8:38 of 2nd period - Maxim Talbot wins face-off versus Peter Regin in Coyotes zone.
8:55 of 2nd period - Wrist shot by Peter Regin.
8:55 of 2nd period - Shot Misses the Net.
10:37 of 2nd period - Penalty to Mark Bell is over, Mark Bell is back on ice.
10:39 of 2nd period - Slapshot by Tyler Ennis.
10:39 of 2nd period - Stopped by Jimmy Howard with a rebound.
10:50 of 2nd period - Wrist shot by Zach Parise.
10:50 of 2nd period - Stopped by Jimmy Howard with a rebound.
11:06 of 2nd period - Slapshot by Jaden Schwartz.
11:06 of 2nd period - Stopped by Ryan Miller with a rebound.
12:28 of 2nd period - Dalton Prout is hit by Marian Gaborik and loses puck.
12:54 of 2nd period - Martin Samuelsson is hit by Peter Regin and loses puck.
13:05 of 2nd period - Dave Tanabe is hit by Zach Parise and loses puck.
13:28 of 2nd period - Dave Tanabe is hit by Brad Richards and loses puck.
14:21 of 2nd period - Zac Rinaldo is hit by Greg Zanon and loses puck.
14:55 of 2nd period - Chad Larose is hit by Chris Neil and loses puck.
15:25 of 2nd period - Icing by Eric Brewer.
15:26 of 2nd period - Brad Richards wins face-off versus Zac Rinaldo in Coyotes zone.
15:38 of 2nd period - Wrist shot by Tyler Kennedy.
15:38 of 2nd period - Shot Misses the Net.
15:40 of 2nd period - Slapshot by Joni Pitkanen.
15:40 of 2nd period - Stopped by Ryan Miller without a rebound.
15:41 of 2nd period - Ryan Johansen wins face-off versus Zach Parise in Coyotes zone.
15:48 of 2nd period - Kristopher Letang is hit by Dalton Prout and loses puck.
16:21 of 2nd period - Minor Penalty to Kristopher Letang for Holding.
16:22 of 2nd period - Peter Regin wins face-off versus Maxim Talbot in Coyotes zone.
16:26 of 2nd period - Snap shot by Patrick Kane.
16:26 of 2nd period - Stopped by Ryan Miller with a rebound.
16:57 of 2nd period - Martin Samuelsson is hit by Dave Tanabe.
17:12 of 2nd period - Josh Gorges is hit by Denis Grebeshkov and loses puck.
18:21 of 2nd period - Penalty to Kristopher Letang is over, Kristopher Letang is back on ice.
18:39 of 2nd period - Kristopher Letang is hit by Jaden Schwartz and loses puck.
18:56 of 2nd period - Wrist shot by Tyler Kennedy.
18:56 of 2nd period - Goal by Tyler Kennedy - Coyotes : 1 - Blackhawks : 4.
18:57 of 2nd period - Nazem Kadri wins face-off versus Kyle Brodziak in neutral zone.
19:10 of 2nd period - Kristopher Letang is hit by Ladislav Smid and loses puck.
19:23 of 2nd period - Brad Richards is hit by Ladislav Smid and loses puck.
19:28 of 2nd period - Slapshot by Patrick Kane.
19:28 of 2nd period - Shot Blocked by Tyler Ennis.
19:30 of 2nd period - Snap shot by Patrick Kane.
19:30 of 2nd period - Stopped by Ryan Miller with a rebound.
19:32 of 2nd period - Slapshot by Denis Grebeshkov.
19:32 of 2nd period - Stopped by Ryan Miller without a rebound.
19:33 of 2nd period - Mark Bell wins face-off versus Ryan Johansen in Coyotes zone.
19:54 of 2nd period - Jarome Iginla is hit by Mark Bell and loses puck.
Goals for this period are 0 for Coyotes vs 4 for Blackhawks.
Shots for this period are 4 for Coyotes vs 14 for Blackhawks.

3rd period


0:01 of 3rd period - Peter Regin wins face-off versus Nazem Kadri in neutral zone.
0:10 of 3rd period - Slapshot by Kristopher Letang.
0:10 of 3rd period - Shot Misses the Net.
0:12 of 3rd period - Slapshot by Zach Parise.
0:12 of 3rd period - Goal by Zach Parise - Coyotes : 2 - Blackhawks : 4.
0:13 of 3rd period - Peter Regin wins face-off versus Nazem Kadri in neutral zone.
0:48 of 3rd period - Snap shot by Zach Parise.
0:48 of 3rd period - Stopped by Jimmy Howard without a rebound.
0:49 of 3rd period - Kyle Brodziak wins face-off versus Chris Stewart in Blackhawks zone.
1:15 of 3rd period - Mark Bell is hit by Ryan Johansen and loses puck.
1:33 of 3rd period - Off-side.
1:34 of 3rd period - Peter Regin wins face-off versus Brooks Laich in neutral zone.
1:45 of 3rd period - Snap shot by Patrick Kane.
1:45 of 3rd period - Stopped by Ryan Miller without a rebound.
1:46 of 3rd period - Zach Parise wins face-off versus Ryan Johansen in Coyotes zone.
2:32 of 3rd period - Wrist shot by Enver Lisin.
2:32 of 3rd period - Deflect By Mark Bell.
2:32 of 3rd period - Stopped by Jimmy Howard with a rebound.
2:34 of 3rd period - Snap shot by Enver Lisin.
2:34 of 3rd period - Shot Misses the Net.
2:36 of 3rd period - Snap shot by Maxim Talbot.
2:36 of 3rd period - Shot Misses the Net.
2:40 of 3rd period - Wrist shot by Maxim Talbot.
2:40 of 3rd period - Shot Blocked by Denis Grebeshkov.
2:42 of 3rd period - Snap shot by Maxim Talbot.
2:42 of 3rd period - Deflect By Chad Larose.
2:42 of 3rd period - Shot Blocked by Chad Larose.
2:42 of 3rd period - Puck is out of play.
2:43 of 3rd period - Nazem Kadri wins face-off versus Ryan Johansen in Blackhawks zone.
3:19 of 3rd period - Slapshot by Tyler Ennis.
3:19 of 3rd period - Stopped by Jimmy Howard with a rebound.
3:35 of 3rd period - Kyle Brodziak is hit by Martin Samuelsson and loses puck.
3:54 of 3rd period - Tyler Kennedy is hit by Mark Bell and loses puck.
4:42 of 3rd period - Wrist shot by Patrick Kane.
4:42 of 3rd period - Shot Blocked by Marian Gaborik.
4:44 of 3rd period - Snap shot by Peter Regin.
4:44 of 3rd period - Shot Blocked by Marian Gaborik.
5:14 of 3rd period - Snap shot by Tyler Kennedy.
5:14 of 3rd period - Stopped by Ryan Miller without a rebound.
5:15 of 3rd period - Maxim Talbot wins face-off versus Zac Rinaldo in Coyotes zone.
5:21 of 3rd period - Backhand shot by Taylor Pyatt.
5:21 of 3rd period - Shot Misses the Net.
5:23 of 3rd period - Wrist shot by Dave Tanabe.
5:23 of 3rd period - Stopped by Ryan Miller without a rebound.
5:24 of 3rd period - Brad Richards wins face-off versus Ryan Johansen in Coyotes zone.
5:41 of 3rd period - Snap shot by Tyler Ennis.
5:41 of 3rd period - Shot Misses the Net.
6:19 of 3rd period - Snap shot by Chad Larose.
6:19 of 3rd period - Deflect By Jaden Schwartz.
6:19 of 3rd period - Stopped by Ryan Miller without a rebound.
6:20 of 3rd period - Ryan Johansen wins face-off versus Nazem Kadri in Coyotes zone.
6:43 of 3rd period - Marian Gaborik is hit by Ryan Johansen and loses puck.
7:33 of 3rd period - Mike Green is hit by Eric Brewer and loses puck.
7:37 of 3rd period - Icing by Nazem Kadri.
7:38 of 3rd period - Nazem Kadri wins face-off versus Peter Regin in Coyotes zone.
7:52 of 3rd period - Icing by Peter Regin.
7:53 of 3rd period - Brad Richards wins face-off versus Peter Regin in Blackhawks zone.
8:04 of 3rd period - Anton Stralman is hit by Tomas Fleischmann and loses puck.
8:21 of 3rd period - Snap shot by Peter Regin.
8:21 of 3rd period - Stopped by Ryan Miller without a rebound.
8:22 of 3rd period - Kyle Brodziak wins face-off versus Maxim Talbot in Coyotes zone.
8:23 of 3rd period - Snap shot by Chad Larose.
8:23 of 3rd period - Shot Misses the Net.
8:25 of 3rd period - Slapshot by Kyle Brodziak.
8:25 of 3rd period - Stopped by Ryan Miller without a rebound.
8:26 of 3rd period - Kyle Brodziak wins face-off versus Mark Bell in Coyotes zone.
8:37 of 3rd period - Snap shot by Jaden Schwartz.
8:37 of 3rd period - Stopped by Ryan Miller without a rebound.
8:38 of 3rd period - Peter Regin wins face-off versus Brad Richards in Coyotes zone.
8:53 of 3rd period - Wrist shot by Brad Richards.
8:53 of 3rd period - Stopped by Jimmy Howard without a rebound.
8:54 of 3rd period - Nazem Kadri wins face-off versus Ryan Johansen in Blackhawks zone.
9:05 of 3rd period - Wrist shot by Zach Parise.
9:05 of 3rd period - Stopped by Jimmy Howard with a rebound.
9:07 of 3rd period - Minor Penalty to Jarome Iginla for Roughing.
9:08 of 3rd period - Chad Larose wins face-off versus Marian Gaborik in Blackhawks zone.
9:25 of 3rd period - Slapshot by Anton Stralman.
9:25 of 3rd period - Stopped by Jimmy Howard without a rebound.
9:26 of 3rd period - Brad Richards wins face-off versus Chad Larose in Blackhawks zone.
9:39 of 3rd period - Wrist shot by Tyler Ennis.
9:39 of 3rd period - Stopped by Jimmy Howard with a rebound.
11:07 of 3rd period - Penalty to Jarome Iginla is over, Jarome Iginla is back on ice.
11:29 of 3rd period - Enver Lisin is hit by Denis Grebeshkov and loses puck.
11:44 of 3rd period - Martin Samuelsson is hit by Tyler Kennedy.
13:04 of 3rd period - Backhand shot by Nazem Kadri.
13:04 of 3rd period - Shot Misses the Net.
13:06 of 3rd period - Slapshot by Michael Del Zotto.
13:06 of 3rd period - Shot Misses the Net.
13:08 of 3rd period - Snap shot by Marian Gaborik.
13:08 of 3rd period - Stopped by Jimmy Howard without a rebound.
13:09 of 3rd period - Ryan Johansen wins face-off versus Nazem Kadri in Blackhawks zone.
13:18 of 3rd period - Snap shot by Jarome Iginla.
13:18 of 3rd period - Shot Misses the Net.
13:20 of 3rd period - Snap shot by Jarome Iginla.
13:20 of 3rd period - Shot Misses the Net.
13:22 of 3rd period - Wrist shot by Antoine Roussel.
13:22 of 3rd period - Stopped by Ryan Miller with a rebound.
13:42 of 3rd period - Snap shot by Jaden Schwartz.
13:42 of 3rd period - Shot Misses the Net.
14:04 of 3rd period - Snap shot by Peter Regin.
14:04 of 3rd period - Goal by Peter Regin - Coyotes : 2 - Blackhawks : 5.
14:05 of 3rd period - Nazem Kadri wins face-off versus Peter Regin in neutral zone.
14:08 of 3rd period - Slapshot by Kristopher Letang.
14:08 of 3rd period - Shot Blocked by Patrick Kane.
14:32 of 3rd period - Antoine Roussel is hit by Brad Richards and loses puck.
14:41 of 3rd period - Snap shot by Tyler Ennis.
14:41 of 3rd period - Shot Misses the Net.
15:29 of 3rd period - Slapshot by Jarome Iginla.
15:29 of 3rd period - Stopped by Ryan Miller without a rebound.
15:30 of 3rd period - Peter Regin wins face-off versus Nazem Kadri in Coyotes zone.
15:31 of 3rd period - Snap shot by Patrick Kane.
15:31 of 3rd period - Goal by Patrick Kane - Coyotes : 2 - Blackhawks : 6.
15:32 of 3rd period - Nazem Kadri wins face-off versus Peter Regin in neutral zone.
16:25 of 3rd period - Off-side.
16:26 of 3rd period - Chris Stewart wins face-off versus Zac Rinaldo in neutral zone.
16:37 of 3rd period - Wrist shot by Tyler Ennis.
16:37 of 3rd period - Shot Misses the Net.
16:39 of 3rd period - Slapshot by Greg Zanon.
16:39 of 3rd period - Shot Blocked by Ladislav Smid.
16:41 of 3rd period - Wrist shot by Brad Richards.
16:41 of 3rd period - Shot Misses the Net.
16:43 of 3rd period - Slapshot by Greg Zanon.
16:43 of 3rd period - Shot Misses the Net.
16:45 of 3rd period - Snap shot by Brad Richards.
16:45 of 3rd period - Shot Misses the Net.
17:03 of 3rd period - Snap shot by Brad Richards.
17:03 of 3rd period - Shot Misses the Net.
17:05 of 3rd period - Slapshot by Brad Richards.
17:05 of 3rd period - Shot Blocked by Mike Green.
17:07 of 3rd period - Snap shot by Tyler Ennis.
17:07 of 3rd period - Shot Misses the Net.
17:09 of 3rd period - Slapshot by Eric Brewer.
17:09 of 3rd period - Stopped by Jimmy Howard with a rebound.
17:11 of 3rd period - Slapshot by Brad Richards.
17:11 of 3rd period - Stopped by Jimmy Howard with a rebound.
17:13 of 3rd period - Snap shot by Tyler Ennis.
17:13 of 3rd period - Stopped by Jimmy Howard without a rebound.
17:14 of 3rd period - Zach Parise wins face-off versus Peter Regin in Blackhawks zone.
17:15 of 3rd period - Wrist shot by Marian Gaborik.
17:15 of 3rd period - Stopped by Jimmy Howard with a rebound.
17:43 of 3rd period - Snap shot by Mark Bell.
17:43 of 3rd period - Stopped by Jimmy Howard with a rebound.
19:06 of 3rd period - Slapshot by Zach Parise.
19:06 of 3rd period - Shot Blocked by Joni Pitkanen.
19:08 of 3rd period - Wrist shot by Marian Gaborik.
19:08 of 3rd period - Shot Blocked by Dalton Prout.
19:46 of 3rd period - Snap shot by Brad Richards.
19:46 of 3rd period - Deflect By Tyler Ennis.
19:46 of 3rd period - Shot Blocked by Patrick Kane.
19:46 of 3rd period - Puck is out of play.
19:47 of 3rd period - Nazem Kadri wins face-off versus Tomas Fleischmann in Blackhawks zone.
Goals for this period are 1 for Coyotes vs 2 for Blackhawks.
Shots for this period are 14 for Coyotes vs 11 for Blackhawks.